AoeStats
← RICARDONE ES SABALERO

MegaRandom

504110805Analyzed
1v1 RM · 27d ago on Sep 3, 2026· 49m 43s· 2 players
Game mode
Random Map
Map size
Tiny (2 player)
Population
200
Speed
Normal
Resources
Standard
Victory
Conquest
Starting age
Dark Age
Ending age
Imperial Age
RankedLock teamsTeams togetherTeam positionsShared explorationLock speedFull tech treeHidden civsTurbo modeCheats
Victory
Defeat
🇲🇽 Portuguese · Mexico
1216
+15
🇦🇷 Portuguese · Argentina
1195
-15
RICARDONE ES SABALERO
0:31 Loom
10:25 Feudal Age
11:04 Double-Bit Axe
16:51 Horse Collar
21:49 Castle Age
21:21 Fletching
23:02 Bow Saw
24:16 Bloodlines
24:08 Husbandry
24:38 Town Watch
24:52 Light Cavalry
26:39 Scale Barding Armor
27:56 Wheelbarrow
30:39 Bodkin Arrow
30:59 Scale Mail Armor
30:39 Pikeman
36:55 Chain Mail Armor
38:54 Ballistics
39:09 Forging
41:40 Masonry
43:04 Heavy Plow
45:16 Hand Cart
49:07 Imperial Age
47:59 Padded Archer Armor
48:16 Gold Mining
50:21 Conscription
JonMar
0:39 Loom
10:06 Loom
11:52 Feudal Age
14:22 Horse Collar
14:29 Double-Bit Axe
15:13 Town Watch
20:26 Wheelbarrow
24:04 Castle Age
23:17 Forging
23:13 Scale Barding Armor
23:23 Bloodlines
24:23 Light Cavalry
25:06 Husbandry
25:38 Chain Barding Armor
26:14 Iron Casting
32:08 Hand Cart
32:08 Bow Saw
32:50 Gold Mining
39:16 Imperial Age
37:01 Town Patrol
36:59 Elite Skirmisher
37:43 Padded Archer Armor
37:42 Fletching
40:10 Leather Archer Armor
39:51 Bodkin Arrow
41:50 Plate Barding Armor
43:12 Arquebus
43:35 Conscription
42:48 Cavalier
44:48 Blast Furnace
45:17 Elite Organ Gun
48:35 Ballistics
49:16 Chemistry
48:27 Masonry
Connection lost

Rejoining the realm…

Still unreachable

The connection could not be restored.

Session expired

The server has moved on; the page needs a fresh start.